 Dungeon Crawl Stone Soup version 0.21-a0-531-gacddea6 (webtiles) character file.

173 Amnesiac the Vexing (level 5, -1/30 HPs)
             Began as a Deep Elf Arcane Marksman on Dec 12, 2017.
             Was an Initiate of Okawaru.
             Slain by a hound (6 damage)
             ... on level 4 of the Dungeon.
             The game lasted 00:07:21 (4146 turns).

Amnesiac the Vexing (Deep Elf Arcane Marksman)      Turns: 4146, Time: 00:07:22

Health: -1/30      AC:  2    Str:  8    XL:     5   Next: 28%
Magic:  9/11       EV: 14    Int: 18    God:    Okawaru [......]
Gold:   88         SH:  0    Dex: 15    Spells: 0/10 levels left

rFire    . . .     SeeInvis +   b - +0 hand axe
rCold    . . .     Gourm    .   (no shield)
rNeg     . . .     Faith    .   e - +0 robe
rPois    .         Spirit   .   (no helmet)
rElec    .         Reflect  .   (no cloak)
rCorr    .         Harm     .   (no gloves)
MR       .....                  (no boots)
Stlth    +.........             (no amulet)
HPRegen  0.10/turn              o - ring of see invisible
MPRegen  0.12/turn              (no ring)

@: no status effects
A: no striking features
a: Renounce Religion


You were on level 4 of the Dungeon.
You worshipped Okawaru.
Okawaru was noncommittal.
You were not hungry.

You visited 1 branch of the dungeon, and saw 4 of its levels.

You collected 88 gold pieces.

Inventory:

Hand Weapons
 a - a +0 shortbow
 b - a +0 hand axe (weapon)
Armour
 e - a +0 robe (worn)
 l - a +0 plate armour
Jewellery
 o - a ring of see invisible (left hand)
Scrolls
 i - a scroll of magic mapping {!r}
 j - a scroll of teleportation {!r}
 k - a scroll of amnesia {!r}
Potions
 d - a potion of resistance {!q}
 g - a potion of flight {!q}
Books
 c - a book of Debilitation

   Spells                             Type                      Level
   a - Corona                         Hexes                        1
   b - Slow                           Hexes                        2
   c - Inner Flame                    Hexes/Fire                   3
   d - Portal Projectile              Hexes/Translocation          3
   e - Cause Fear                     Hexes                        4
   f - Leda's Liquefaction            Hexes/Earth                  4
Comestibles
 m - 2 meat rations


   Skills:
 + Level 1.8 Fighting
 * Level 3.9 Bows
 + Level 3.4 Dodging
 + Level 3.1 Spellcasting
 + Level 4.8 Hexes


You couldn't memorise any spells.
You knew the following spells:

 Your Spells              Type           Power        Failure   Level  Hunger
a - Corona                Hex            ###....      2%          1    None
b - Cause Fear            Hex            ###.......   22%         4    ####...
c - Portal Projectile     Hex/Tloc       ##....       19%         3    ###....
e - Slow                  Hex            ###.....     3%          2    ##.....


Dungeon Overview and Level Annotations

Branches:
Dungeon (4/15)
 Temple: D:4-7

Altars:
Makhleb
Okawaru

Annotations:
D:3 soulesssniper's ghost, amateur DEFE
D:4 Menkaure


Message History

The hound seems to slow down.
You hit the hound.
The hound is lightly wounded.
The hound barely misses you.
You barely miss the hound.
The hound is lightly wounded.
The hound barely misses you. The hound misses you.
You closely miss the hound.
The hound is lightly wounded.
The hound stops glowing.
The hound bites you.
Menkaure, Prince of Dust comes into view.
The worker ant twitches its antennae in your direction.
You hit the hound.
The hound is moderately wounded.
The hound closely misses you. The worker ant bites you!
The worker ant bites you.
* * * LOW HITPOINT WARNING * * *
Found 2 gold pieces.
Menkaure gestures wildly while chanting.
Menkaure seems to speed up.
You see here 2 gold pieces.
You see here 16 sling bullets.
Menkaure calls on the powers of darkness!
The worker ant convulses!
The hound convulses!
Your body is wracked with pain!
* * * LOW HITPOINT WARNING * * *
The hound is no longer moving slowly.
There is a stone staircase leading up here.
The hound completely misses you. The hound closely misses you.
You climb upwards.
Level annotation: soulesssniper's ghost, amateur DEFE The orc priest calls down the wrath of Beogh upon you.
You struggle to resist.
There is a stone staircase leading down here.
The hound closely misses you.
Soulesssniper's ghost says, "Don't worry, you'll be warm in a moment."
The hound completely misses you. The hound completely misses you.
Soulesssniper's ghost says, "Would you like to be cremated?"
The orc priest looks satisfied for a moment.
The hound bites you.
* * * LOW HITPOINT WARNING * * *
Casting: Slow
Confirm with . or Enter, or press ? or * to list all spells.
Aiming: Slow
Press: ? - help, Shift-Dir - straight line, f - hound
Aim: a hound (heavily wounded, chance to defeat MR: 67%)
The hound seems to slow down.
The hound bites you.
* * * LOW HITPOINT WARNING * * *
Okay, then.
There is a stone staircase leading down here.
The hound bites you.
* * * LOW HITPOINT WARNING * * *
You climb downwards.
Level annotation: Menkaure
Found a hardcover book and a silvery potion.
Found a stone staircase leading down.
There is a stone staircase leading up here.
Casting: Slow
Confirm with . or Enter, or press ? or * to list all spells.
Aiming: Corona
Press: ? - help, Shift-Dir - straight line, f - hound
Aim: a hound (heavily wounded, slow, chance to defeat MR: 67%)
The hound barely resists.
The hound bites you.
You die...

.... ..## !...
...## #######...
.........#
..#......#.#
......>@...#
#.#..:h........
#.....###....
#...#.# ...
#.....# . #..
#...#.#### #..
....#...#....#
#..
.##..........#
#..
.##.##.##.#..####


You could see a hound.

Vanquished Creatures
  A hound (D:4)
  An orc priest (D:3)
  A howler monkey zombie (D:3)
  3 gnolls
  An adder (D:2)
  2 oozes
  3 dart slugs
  A leopard gecko (D:1)
  An orc (D:2)
  3 ball pythons
  6 bats
  3 giant cockroaches
  7 hobgoblins
  5 kobolds
  A quokka (D:3)
  2 frilled lizards (D:2)
  3 goblins (D:1)
  A jackal skeleton (D:3)
  A leopard gecko skeleton (D:3)
  A leopard gecko zombie (D:3)
  4 rats (D:1)
51 creatures vanquished.

Notes
Turn   | Place    | Note
-------+----------+-------------------------------------------
     0 | D:1      | Amnesiac the Deep Elf Arcane Marksman began the quest for the Orb.
     0 | D:1      | Reached XP level 1. HP: 11/11 MP: 5/5
   411 | D:1      | Reached skill level 1 in Fighting
   411 | D:1      | Reached XP level 2. HP: 12/16 MP: 4/6
   415 | D:1      | Learned a level 2 spell: Slow
   872 | D:1      | Reached XP level 3. HP: 20/20 MP: 8/8
  1477 | D:2      | Found an iron altar of Okawaru.
  1486 | D:2      | Became a worshipper of Warmaster Okawaru
  1533 | D:2      | Found a burning altar of Makhleb.
  2453 | D:3      | Reached XP level 4. HP: 13/25 MP: 4/9
  2630 | D:3      | Noticed soulesssniper's ghost (amateur DEFE)
  3121 | D:3      | Reached XP level 5. HP: 16/30 MP: 5/11
  3889 | D:4      | Learned a level 4 spell: Cause Fear
  3893 | D:4      | Learned a level 3 spell: Portal Projectile
  4099 | D:4      | Noticed Menkaure
  4146 | D:4      | Slain by a hound

Vault maps used:
D:1:      lemuel_arrival_river_passageway, grunt_decor_fettered,
          grunt_decor_mini_mirrors
D:2:      bloody_makhleb, okawaru_trees_2
D:3:      serial_undead, serial_undead_f, serial_undead_f, serial_undead_d,
          serial_undead_f, kennysheep_jessica_study
D:4:      evilmike_ruin_ashenzari, uniq_menkaure, uniq_robin, uniq_sigmund

Skill      XL: |  1  2  3  4  5 |
---------------+----------------+-----
Fighting       | 1 |  1.8
Spellcasting   | 2 3 |  3.1
Bows           | 3 |  3.9
Dodging        | 3 |  3.4
Hexes          | |  4.8

Action                   |  1- 3 |  4- 6 || total
-------------------------+-------+-------++-------
Melee: Hand axe          |       |    25 ||    25
       Unarmed           |       |    24 ||    24
 Fire: Shortbow          |   131 |    63 ||   194
 Cast: Corona            |    28 |    18 ||    46
       Slow              |     5 |    27 ||    32
  Use: Scroll            |       |     6 ||     6
  Eat: Chunk             |     4 |     1 ||     5
       Bread ration      |       |     1 ||     1
       Meat ration       |       |     1 ||     1
Armor: Robe              |    15 |    11 ||    26
Dodge: Dodged            |    35 |    54 ||    89

Table legend:
 A = Spawn XP
 B = Non-spawn XP
 C = Spawn XP percentage of total XP
 D = Spawn monster count
 E = Non-spawn monster count
 F = Spawn count percentage of total count
 G = Total turns spent on level
                    A         B        C        D         E        F      G
               +---------+---------+-------+---------+---------+-------+---------
         Total |       0 |     248 |   0.0 |       0 |      51 |   0.0 |  4146
               +---------+---------+-------+---------+---------+-------+---------
           D:1 |       0 |      48 |   0.0 |       0 |      22 |   0.0 |  1487
           D:2 |       0 |      57 |   0.0 |       0 |      15 |   0.0 |  1265
           D:3 |       0 |      96 |   0.0 |       0 |      11 |   0.0 |   901
           D:4 |       0 |      47 |   0.0 |       0 |       3 |   0.0 |   493
               +---------+---------+-------+---------+---------+-------+---------
